 Dungeon Crawl Stone Soup version 0.32-a0-872-g59262bd (webtiles) character file.

Game seed: 18432621876672896657

10 Argasoth the Trooper (level 2, 0/24 HPs)
             Began as a Human Berserker on Mar 30, 2024.
             Was a Follower of Trog.
             Slain by a gnoll
             ... wielding the +5 woodcutter's axe
              (15 damage)
             ... on level 2 of the Dungeon.
             The game lasted 00:01:16 (909 turns).

Argasoth the Trooper (Human Berserker)               Turns: 909, Time: 00:01:17

Health: 0/24       AC:  2    Str: 17    XL:     2   Next: 20%
Magic:  2/2        EV: 11    Int:  7    God:    Trog [*.....]
Gold:   29         SH:  0    Dex: 12    Spells: 1/1 levels left

rFire   . . .        a - +0 hand axe
rCold   . . .        (no shield)
rNeg    . . .        b - +0 animal skin
rPois   .            (no helmet)
rElec   .            (no cloak)
rCorr   .            (no gloves)
SInv    .            (no boots)
Will    .....        (no amulet)
Stlth   +            (no ring)
HPRegen 0.24/turn    (no ring)
MPRegen 0.08/turn

%: no passive effects
@: no status effects
A: explore regen
a: Renounce Religion, Berserk


You were on level 2 of the Dungeon.
You worshipped Trog.
Trog was aware of your devotion.
You visited 1 branch of the dungeon, and saw 2 of its levels.

You collected 29 gold pieces.

Inventory:

Hand Weapons
 a - a +0 hand axe (weapon)
Armour
 b - a +0 animal skin (worn)
Scrolls
 c - a scroll of teleportation {unknown}
 e - 2 scrolls of amnesia {unknown}
 f - a scroll of acquirement {unknown}
 g - a scroll of identify {unknown}
 h - a scroll of blinking {unknown}
Potions
 d - a potion of degeneration {unknown}
 i - a potion of resistance {unknown}


   Skills:
 + Level 3.3 Fighting
 + Level 3.2 Axes
 + Level 2.0 Armour
 + Level 2.0 Dodging


You had one spell level left.
You didn't know any spells.
Your spell library was empty.

Dungeon Overview and Level Annotations

Branches:
Dungeon (2/15)

Altars:

Shops:
D:2 *


Innate Abilities, Weirdness & Mutations

You regain HP and MP as you explore.


Message History

Found two stone staircases leading up.
There is a stone staircase leading up here.
i - a purple potion You now have 29 gold pieces (gained 12).
A quokka comes into view.
Found Jejait's General Store.
The helpless quokka fails to defend itself.
You hit the quokka.
The quokka is severely wounded.
The quokka bites you but does no damage.
The quokka closely misses you.
You barely miss the quokka.
The quokka is severely wounded.
The quokka bites you.
You closely miss the quokka.
The quokka is severely wounded.
The quokka completely misses you.
You slash the quokka!
You kill the quokka!
Trog accepts your kill.
No target in view!
A gnoll comes into view. It is wielding a +0 flail.
Found a club.
A gnoll comes into view.
It is wielding a +0 spear. 2 gnolls come into view.
A gnoll is wielding the +5 woodcutter's axe.
The gnoll shouts!
The gnoll barely misses you.
You hit the gnoll.
The gnoll is lightly wounded.
The gnoll misses you.
You hit the gnoll.
The gnoll is moderately wounded.
The gnoll hits you with a +0 flail!
You hit the gnoll.
The gnoll is heavily wounded.
You hit the gnoll but do no damage.
The gnoll hits you with the +5 woodcutter's axe!
Ouch! That really hurt!
You die...

....# #.# #...... #..#
#.# #.#....
#..####.####.#.###
#..............# #
#..########..#.###
..#####..# #..#....
..)g..g..########..###.#
..#####............###.#
#@..#######.......
.....ggg.#.........###.#
#######...#.#####.## #.#
###...# #.# #<# #.## #.#
#.. .# #.# #.# .# #.#
##.. #.# #... #.# #..<


You could see 4 gnolls.

Vanquished Creatures
  An endoplasm (D:1)
  A giant cockroach (D:1)
  3 hobgoblins (D:1)
  A quokka (D:2)
  2 frilled lizards (D:1)
  A kobold (D:1)
9 creatures vanquished.

Notes
Turn   | Place    | Note
-------+----------+-------------------------------------------
     0 | D:1      | Argasoth the Human Berserker began the quest for the Orb.
     0 | D:1      | Reached XP level 1. HP: 18/18 MP: 1/1
   318 | D:1      | Reached XP level 2. HP: 24/24 MP: 2/2
   891 | D:2      | Found Jejait's General Store.
   909 | D:2      | Slain by a gnoll

Illustrated notes

Levels and vault maps discovered:
D:1:      dpeg_arrival_arbitrary_a, layout_loops_ring
D:2:      layout_loops_ring, hellmonk_ecumenical_altar_inner_sanctum,
          serial_shops, shop, uniq_jessica

Action                     || total
---------------------------++-------
  Melee: Hand axe          ||    31
   Stab: Sleeping          ||     1
 Armour: Animal skin       ||    17
  Dodge: Dodged            ||    15

Table legend: (Time is in decaauts)
 A = Elapsed time spent in this place.
 B = Non-inter-level travel time spent in this place.
 C = Inter-level travel time spent in this place.
 D = Time resting spent in this place.
 E = Time spent auto-exploring this place.
 F = Levels seen in this place.
 G = Mean time per level.
                   A        B        C        D        E       F      G
               +--------+--------+--------+--------+--------+-----+--------+
         Total |    913 |    827 |     86 |      0 |    742 |   2 |  456.5 |
       Dungeon |    913 |    827 |     86 |      0 |    742 |   2 |  456.5 |
               +--------+--------+--------+--------+--------+-----+--------+

Top non-repeatable levels by time:
     D:1: 841 daAuts
     D:2: 71 daAuts
